Map: Distant Plane

Players

Tenonee - Winner!

  • Race: Zerg Zerg
  • League: Platinum

Hekler - Winner!

  • Race: Terran Terran

Choon

  • Race: Zerg Zerg

Tyto

  • Race: Protoss Protoss

VOD

Have the link to the VOD?

Description

Time

  • Played on: July 23, 2016, 7:30 a.m.
  • Length: 12:07
Show
View Real Time Build Order
Export as new Build Order

Tenonee Zerg - Winner!

Build Orders: Hatch First 

Get SALT Encoding   

  12  0:01  Drone  
  13  0:08  Drone  
  14  0:36  Hatchery  
  14  0:41  Drone  
  14  0:45  Extractor  
  13  0:58  Spawning Pool  
  12  1:05  Drone  
  13  1:11  Overlord  
  13  1:23  Drone  
  15  1:32  Drone  
  15  1:33  Drone  
  16  1:47  Metabolic Boost  
  16  1:53  Queen  
  18  2:08  Queen  
  18  2:12  Drone x2  
  18  2:13  Drone  
  23  2:24  Drone x3  
  26  2:34  Overlord  
  26  2:47  Overlord  
  26  2:53  Drone x2  
  26  2:56  Zergling x2  
  26  2:57  Zergling x4  
  31  3:09  Zergling x8  
  35  3:15  Zergling x4  
  35  3:19  Zergling x4  
  39  3:20  Zergling x2  
  40  3:27  Zergling x4  
  41  3:39  Zergling x2  
  41  3:40  Zergling x4  
  44  3:46  Overlord x2  
  39  4:10  Drone x2  
  39  4:11  Drone x4  
  45  4:22  Hatchery  
  36  4:29  Spore Crawler  
  33  4:34  Queen  
  35  4:42  Extractor x2  
  35  4:44  Queen  
  35  4:50  Spore Crawler  
  34  4:55  Drone x2  
  34  4:56  Drone x5  
  41  5:03  Drone x2  
  43  5:19  Zergling x4  
  43  5:33  Drone x3  
  46  5:36  Drone, Queen  
  41  5:50  Spore Crawler  
  41  5:56  Spore Crawler  
  35  5:58  Drone x2  
  35  5:59  Drone x2, Queen  
  41  6:09  Spore Crawler  
  40  6:20  Drone, Spore Crawler  
  40  6:21  Drone  
  41  6:31  Drone x3  
  44  6:41  Drone x3  
  44  7:14  Drone x2  
  44  7:15  Drone x2  
  48  7:16  Lair  
  48  7:19  Roach Warren  
  46  7:24  Drone x6  
  46  7:25  Drone x5  
  57  7:38  Spore Crawler  
  49  7:51  Drone x3, Spore Crawler  
  43  7:52  Drone x6  
  49  8:06  Drone x3  
  52  8:14  Queen  
  52  8:18  Drone x2  
  52  8:19  Glial Reconstitution, Spore Crawler  
  54  8:36  Spire  
  52  8:42  Drone  
  52  8:43  Drone x5  
  52  8:46  Extractor, Overlord x2  
  52  8:47  Extractor, Overlord  
  56  8:57  Drone x2  
  56  9:00  Overlord x3  
  54  9:15  Drone x7  
  54  9:16  Drone x3  
  64  9:29  Drone x3  
  64  9:31  Extractor  
  66  9:36  Drone x2  
  68  9:49  Mutalisk  
  68  9:50  Mutalisk x11  
  92  10:05  Mutalisk x2  
  96  10:12  Zergling x2  
  96  10:13  Zergling x8  
  100  10:30  Zergling x12  
  100  10:34  Overlord x3  
  106  10:43  Infestation Pit  
  91  11:06  Mutalisk x8  
  91  11:10  Drone  
  91  11:11  Drone x9  
  96  11:12  Queen  
  100  11:21  Hatchery  
  99  11:31  Drone  
  99  11:32  Drone x4  
  100  11:41  Mutalisk x2  
  100  11:44  Zergling x4  
Show
View Real Time Build Order
Export as new Build Order

Hekler Terran - Winner!

Build Orders: Reaper Expand, MMM Bio 

Get SALT Encoding   

  12  0:01  SCV  
  13  0:13  SCV  
  14  0:22  Supply Depot  
  14  0:25  SCV  
  15  0:43  SCV  
  15  0:45  Refinery  
  15  0:47  Barracks  
  16  0:59  SCV  
  17  1:11  SCV  
  18  1:25  SCV  
  19  1:37  Reaper  
  19  1:39  Orbital Command  
  20  1:57  Command Center  
  20  2:06  SCV  
  21  2:12  Barracks  
  21  2:15  Barracks  
  21  2:23  Supply Depot  
  21  2:25  SCV  
  22  2:38  SCV  
  23  2:50  SCV  
  24  2:55  Marine  
  25  2:59  Refinery  
  25  3:02  SCV  
  26  3:15  Orbital Command  
  26  3:16  Marine x2  
  26  3:18  Barracks Tech Lab  
  28  3:22  SCV  
  28  3:23  Supply Depot  
  29  3:29  Engineering Bay  
  29  3:34  Marine  
  29  3:35  Marine, Orbital Command  
  29  3:37  Marine  
  29  3:39  Stimpack  
  32  3:52  Marine  
  32  3:53  Marine  
  32  3:54  Marine  
  35  4:08  SCV x2  
  37  4:10  Marine  
  37  4:11  Missile Turret, Marine  
  37  4:13  Terran Infantry Weapons Level 1  
  37  4:14  Marine, Factory  
  39  4:27  Missile Turret, Marine  
  39  4:29  Marine  
  40  4:31  Marine  
  41  4:41  Missile Turret, SCV x2  
  43  4:45  Marine  
  43  4:46  Marine  
  45  4:53  Marine  
  45  4:56  SCV x2  
  45  4:58  Missile Turret  
  48  5:03  Marine  
  48  5:04  Starport  
  48  5:06  Factory Reactor  
  48  5:08  SCV  
  48  5:09  SCV  
  50  5:18  Marine x2  
  50  5:21  Marine, SCV  
  53  5:22  Missile Turret  
  53  5:27  Supply Depot, SCV  
  55  5:33  SCV  
  55  5:34  Missile Turret  
  56  5:48  SCV  
  56  5:49  SCV  
  58  5:50  Medivac  
  58  5:51  Supply Depot, Medivac  
  58  5:52  Barracks Tech Lab  
  62  5:58  Barracks Reactor  
  56  6:10  Marine x2  
  46  6:20  Combat Shields  
  46  6:21  Concussive Shells  
  46  6:24  SCV  
  47  6:27  Marine  
  47  6:28  Marine  
  47  6:29  Barracks  
  47  6:30  Liberator, Terran Infantry Armor Level 1  
  47  6:32  Barracks  
  49  6:38  Command Center  
  49  6:39  Supply Depot, SCV  
  50  6:41  Refinery  
  50  6:44  Marine x2  
  50  6:45  Marine  
  50  6:46  Supply Depot, Marine  
  54  6:48  Medivac  
  59  7:02  Marine x2  
  59  7:04  Marauder  
  59  7:05  Supply Depot  
  59  7:06  SCV  
  59  7:08  Marauder  
  66  7:16  SCV  
  66  7:18  Armory  
  66  7:19  Engineering Bay  
  66  7:20  Marine x2  
  69  7:24  Barracks Tech Lab, Barracks Reactor  
  69  7:26  Marine  
  70  7:34  Liberator x2  
  70  7:37  Missile Turret  
  70  7:45  Marine x2  
  70  7:46  Marine  
  75  8:01  SCV  
  75  8:02  Marine x2  
  75  8:03  Marine x2, Marauder  
  75  8:04  Refinery  
  82  8:07  Orbital Command  
  82  8:09  Terran Infantry Weapons Level 2  
  82  8:17  Starport  
  82  8:24  Marine x2, Marauder  
  86  8:38  Marine x2  
  86  8:39  Marine, Marauder  
  91  8:42  Marine  
  91  8:46  Marauder  
  94  8:53  Marine  
  95  8:56  Marine x2  
  95  8:58  Marauder  
  95  8:59  Marine  
  95  9:00  Marauder  
  102  9:07  Marauder  
  91  9:11  Marine  
  91  9:14  Marine x2  
  84  9:17  Marine  
  84  9:19  Marauder  
  84  9:22  Marauder  
  83  9:28  Marine  
  83  9:29  Marine  
  82  9:32  Marine x2  
  82  9:35  Marine  
  74  9:40  Marine  
  74  9:42  Marine  
  73  9:46  Marine, Marauder  
  73  9:50  Marine x2  
  78  9:53  Marine  
  78  9:58  Marauder  
  74  10:01  Marauder  
  74  10:04  Marine  
  68  10:07  Marine x2  
  68  10:12  Orbital Command  
  70  10:20  Marauder  
  70  10:21  Marine x2  
  73  10:22  Marine, Marauder  
  73  10:25  Marine  
  78  10:30  Missile Turret  
  78  10:31  Marine  
  78  10:34  Supply Depot  
  79  10:39  Marine x2  
  79  10:40  Marine  
  79  10:41  SCV x3  
  85  10:49  Barracks  
  85  10:53  SCV  
  86  10:59  Liberator  
  86  11:01  Liberator  
  85  11:07  Marine x5, Marauder  
  87  11:14  Marauder  
  87  11:16  Medivac  
  97  11:20  Supply Depot  
  97  11:24  Marine, SCV x2  
  97  11:25  Marine x2  
  102  11:26  Missile Turret  
  102  11:27  Missile Turret  
  102  11:38  Marine x5  
  107  11:42  Marine x2  
  107  11:43  Marine  
  113  11:48  Command Center  
Show
View Real Time Build Order
Export as new Build Order

Choon Zerg 

Build Orders: Pool First, Muta Ling Bane 

Get SALT Encoding   

  12  0:01  Drone  
  13  0:11  Drone  
  14  0:15  Extractor  
  14  0:16  Drone  
  15  0:32  Spawning Pool  
  14  0:39  Extractor  
  14  0:41  Extractor  
  14  0:42  Drone x2  
  16  1:11  Overlord  
  16  1:16  Hatchery  
  15  1:19  Extractor  
  14  1:30  Drone x2  
  14  1:31  Drone  
  17  1:47  Drone  
  17  1:49  Queen  
  17  1:52  Overlord  
  20  2:10  Drone  
  21  2:23  Drone  
  21  2:28  Drone  
  21  2:29  Queen  
  25  2:30  Metabolic Boost  
  25  2:39  Spine Crawler  
  25  2:44  Spine Crawler  
  23  2:47  Drone  
  24  2:52  Zergling x4  
  24  2:57  Drone  
  27  3:01  Zergling x4  
  29  3:12  Zergling x2  
  30  3:16  Drone x2  
  30  3:19  Zergling x4  
  34  3:27  Zergling x2  
  35  3:39  Zergling x2  
  35  3:42  Zergling x2  
  35  3:47  Overlord  
  35  4:01  Zergling x6  
  36  4:06  Drone x3  
  36  4:07  Lair  
  38  4:12  Baneling Nest, Drone x2  
  38  4:13  Drone  
  38  4:15  Drone, Extractor  
  40  4:32  Drone  
  40  4:36  Drone  
  42  4:39  Extractor  
  42  4:43  Overlord x2  
  41  4:46  Drone  
  41  4:48  Extractor  
  41  4:49  Spore Crawler  
  40  4:52  Evolution Chamber  
  40  4:53  Evolution Chamber  
  40  4:59  Drone x2  
  40  5:01  Drone  
  40  5:02  Hatchery  
  40  5:06  Drone  
  40  5:19  Zergling x8  
  43  5:22  Drone x2  
  43  5:23  Zerg Melee Weapons Level 1  
  43  5:25  Baneling  
  43  5:26  Baneling x2  
  45  5:30  Zergling x2  
  45  5:33  Zergling x8  
  50  5:47  Drone  
  50  5:49  Drone  
  52  5:53  Spire  
  52  5:54  Drone x3  
  45  6:13  Zergling x2  
  45  6:16  Zergling x2  
  45  6:17  Baneling x3  
  46  6:19  Zergling x12  
  46  6:21  Zerg Ground Armor Level 1  
  46  6:23  Drone  
  53  6:29  Zergling x6  
  53  6:31  Overlord  
  56  6:59  Zergling x4  
  56  7:00  Drone x4  
  61  7:10  Zerg Flyer Weapons Level 1  
  61  7:11  Overlord  
  61  7:12  Centrifical Hooks, Overlord  
  61  7:18  Baneling x2, Drone  
  61  7:26  Drone x3  
  64  7:34  Zergling x4  
  64  7:35  Zergling x4  
  64  7:36  Zergling x2  
  66  7:50  Zergling x2  
  66  7:51  Zergling x2  
  65  7:56  Infestation Pit  
  64  8:05  Hatchery, Zerg Melee Weapons Level 2  
  63  8:11  Overlord  
  63  8:12  Zergling x4  
  65  8:13  Zergling x8  
  69  8:22  Mutalisk  
  69  8:23  Mutalisk x2  
  75  8:34  Zergling x6  
  76  8:38  Baneling x5  
  75  8:44  Drone  
  75  8:47  Spine Crawler  
  75  8:56  Mutalisk  
  76  9:04  Zerg Flyer Armor Level 1  
  51  9:14  Zergling x6  
  49  9:26  Zergling x12  
  49  9:27  Zergling x4  
  47  9:43  Zergling x2  
  35  9:54  Zergling x2  
  35  9:55  Zergling x4  
  35  9:57  Hive, Zergling x2  
  38  10:00  Drone x3  
  40  10:13  Drone  
  41  10:20  Drone  
  41  10:21  Queen  
  42  10:23  Mutalisk  
  46  10:29  Baneling x4  
  46  10:34  Drone x2  
  46  10:35  Drone  
  49  10:43  Hatchery  
  45  10:52  Hatchery  
  45  10:53  Drone  
  45  10:56  Drone  
  40  11:06  Drone  
  36  11:11  Spore Crawler  
  36  11:12  Spine Crawler  
  31  11:21  Zergling x2  
  31  11:22  Zergling x10  
  37  11:29  Drone  
  37  11:30  Drone  
Show
View Real Time Build Order
Export as new Build Order

Tyto Protoss 

Build Orders: Oracle Opening 

Get SALT Encoding   

  12  0:01  Probe (Chrono Boost)  
  13  0:11  Probe (Chrono Boost)  
  14  0:27  Pylon  
  14  0:29  Probe (Chrono Boost), Assimilator  
  15  0:46  Probe (Chrono Boost)  
  16  0:52  Gateway  
  16  0:56  Probe (Chrono Boost)  
  17  1:02  Assimilator  
  17  1:07  Probe (Chrono Boost)  
  18  1:17  Probe (Chrono Boost)  
  19  1:25  Pylon  
  19  1:28  Probe (Chrono Boost)  
  20  1:38  Probe (Chrono Boost)  
  21  1:43  Pylon  
  21  1:49  Probe (Chrono Boost)  
  22  1:55  Cybernetics Core  
  22  1:59  Probe (Chrono Boost)  
  23  2:10  Probe (Chrono Boost)  
  24  2:33  Stargate  
  24  2:34  Stargate  
  24  3:01  Mothership Core (Chrono Boost)  
  25  3:14  Nexus  
  25  3:18  Oracle  
  28  3:20  Oracle  
  28  3:26  Pylon  
  31  3:38  Probe (Chrono Boost)  
  32  3:42  Assimilator  
  32  3:46  Pylon  
  32  3:49  Probe (Chrono Boost)  
  32  3:54  Oracle  
  36  4:14  Forge  
  36  4:19  Pylon  
  36  4:38  Oracle  
  36  4:43  Oracle  
  42  4:50  Photon Cannon  
  42  4:53  Probe (Chrono Boost), Photon Cannon  
  42  4:56  Probe (Chrono Boost)  
  44  5:04  Probe (Chrono Boost)  
  45  5:19  Photon Cannon  
  45  5:25  Photon Cannon  
  45  5:27  Probe (Chrono Boost)  
  46  5:38  Probe (Chrono Boost)  
  44  6:02  Oracle x2  
  51  6:04  Probe (Chrono Boost)  
  51  6:05  Probe (Chrono Boost)  
  52  6:13  Photon Cannon  
  52  6:14  Probe (Chrono Boost)  
  52  6:16  Probe (Chrono Boost)  
  54  6:18  Assimilator  
  54  6:23  Pylon  
  54  6:25  Probe (Chrono Boost)  
  55  6:26  Probe (Chrono Boost)  
  55  6:27  Photon Cannon  
  56  6:36  Probe (Chrono Boost)  
  56  6:37  Probe (Chrono Boost)  
  58  6:41  Void Ray  
  62  6:48  Void Ray  
  66  7:04  Probe (Chrono Boost)  
  66  7:08  Photon Cannon  
  67  7:12  Photon Cannon  
  67  7:14  Probe (Chrono Boost)  
  68  7:18  Photon Cannon  
  68  7:22  Pylon  
  68  7:25  Probe (Chrono Boost)  
  69  7:35  Probe (Chrono Boost)  
  61  8:01  Protoss Air Weapons Level 1  
  61  8:03  Probe (Chrono Boost)  
  62  8:09  Nexus  
  62  8:11  Assimilator  
  62  8:14  Probe (Chrono Boost)  
  62  8:16  Assimilator  
  62  8:19  Photon Cannon  
  63  8:21  Photon Cannon  
  63  8:23  Void Ray, Photon Cannon  
  67  8:27  Pylon  
  67  8:38  Void Ray  
  71  9:01  Stargate  
  71  9:02  Stargate  
  71  9:04  Stargate  
  71  9:06  Void Ray  
  63  9:41  Protoss Air Armor Level 1  
  63  9:47  Void Ray x3  
  63  9:49  Void Ray  
  79  10:13  Probe (Chrono Boost)  
  80  10:24  Probe (Chrono Boost)  
  75  10:35  Probe (Chrono Boost), Void Ray x4  
  92  10:44  Photon Cannon  
  92  10:45  Probe (Chrono Boost)  
  92  10:48  Pylon  
  93  10:51  Void Ray  
  93  10:56  Probe (Chrono Boost), Photon Cannon  
  98  11:06  Probe (Chrono Boost)  
  99  11:17  Probe (Chrono Boost)  
  100  11:19  Void Ray x2  
  112  11:48  Photon Cannon  
  112  11:50  Photon Cannon, Pylon  
Tags
 
Add a new tag
Caveats
  • Supply blocks, unpowered buildings, or Contaminate may cause inaccurate times.
  • Supply counts are checked every 10 seconds.